 Dungeon Crawl Stone Soup version 0.30-a0-55-g90e3122c3a (webtiles) character file.

Game seed: 7161100706096781648

88 jlumianski the Chopper (level 4, -2/34 HPs)
             Began as a Demonspawn Gladiator on Sept 9, 2022.
             Killed by divine providence
             ... invoked by an orc priest
              (13 damage)
             ... on level 3 of the Dungeon.
             The game lasted 00:05:57 (2638 turns).

jlumianski the Chopper (Demonspawn Gladiator)       Turns: 2638, Time: 00:05:57

Health: -2/34      AC: 12    Str: 16    XL:     4   Next: 29%
Magic:  4/4        EV:  5    Int:  9    God:
Gold:   117        SH:  4    Dex: 15    Spells: 3/3 levels left

rFire   . . .      SeeInvis .    a - +0 war axe
rCold   . . .      Faith    .    (no shield)
rNeg    . . .      Spirit   .    w - +0 plate armour
rPois   .          Reflect  .    c - +0 helmet
rElec   .          Harm     .    (no cloak)
rCorr   .          Rampage  .    (no gloves)
Will    .....                    j - +0 pair of boots
Stlth   ..........               (no amulet)
HPRegen 0.11/turn                (no ring)
MPRegen 0.09/turn                (no ring)

@: no status effects
A: large bone plates 1, powered by pain 1
a: no special abilities


You were on level 3 of the Dungeon.
You visited 1 branch of the dungeon, and saw 3 of its levels.

You collected 173 gold pieces.
You spent 56 gold pieces at shops.

Inventory:

Hand Weapons
 a - a +0 war axe (weapon)
Missiles
 d - 3 throwing nets (quivered)
 e - a javelin
 i - 37 stones
Armour
 b - a +0 leather armour
 c - a +0 helmet (worn)
 j - a +0 pair of boots (worn)
 k - a +0 chain mail
 w - a +0 plate armour (worn)
Magical Staves
 q - a staff of earth
Scrolls
 f - a scroll of teleportation {unknown}
 m - a scroll of magic mapping {unknown}
 o - 2 scrolls of vulnerability {unknown}
 p - 2 scrolls of silence {unknown}
 t - a scroll of fear {unknown}
 v - a scroll of enchant armour {unknown}
Potions
 g - a potion of haste
 h - 3 potions of curing
 l - a potion of flight
 n - a potion of heal wounds
 s - a potion of attraction {unknown}
 u - a potion of degeneration {unknown}


   Skills:
 + Level 2.7 Fighting
 + Level 4.0 Axes
 + Level 1.7 Throwing
 + Level 0.5 Armour
 + Level 2.8 Dodging
 + Level 0.5 Shields


You had 3 spell levels left.
You didn't know any spells.
Your spell library was empty.

Dungeon Overview and Level Annotations

Branches:
Dungeon (3/15)

Altars:

Shops:
D:2 ?


Innate Abilities, Weirdness & Mutations

You are partially covered in large bone plates. (SH +4)
You sometimes gain a little power by taking damage.


Message History

Pain shoots through your body! The orc hits you with a +0 flail!
The orc hits you but does no damage. You block the orc priest's attack.
You closely miss the orc priest. You barely miss the orc.
The orc priest casts a cantrip, but nothing happens.
The orc hits you but does no damage.
You hit the orc priest.
The orc priest is moderately wounded.
You closely miss the orc. The orc priest hits you with a +0 club.
You block the orc's attack.
You barely miss the orc priest.
The orc priest is moderately wounded.
You barely miss the orc. You block the orc priest's attack.
The orc hits you but does no damage. The orc closely misses you.
The orc priest hits you but does no damage.
You hit the orc priest but do no damage.
The orc priest is moderately wounded.
You closely miss the orc.
The orc priest hits you but does no damage.
The orc hits you with a +0 flail!
You hit the orc priest.
The orc priest is moderately wounded.
You slash the orc!
You kill the orc!
The orc priest hits you but does no damage.
You hit the orc priest.
The orc priest is almost dead.
The orc priest barely misses you.
You hit the orc priest.
The orc priest is almost dead.
The orc priest hits you but does no damage.
The orc priest casts a cantrip, but nothing happens.
You hit the orc priest but do no damage.
The orc priest is almost dead.
The orc priest begins to cast a cantrip, but forgets the words!
You closely miss the orc priest.
The orc priest is almost dead.
An orc comes into view. It is wielding a +0 hand axe.
The orc priest invokes the aid of Beogh against you.
Beogh smites you!
You die...

#.###.# ##....##
#...#.# ##.....#
#.#...# ##......##
#.#...####.........
#........'.........
###>..####.........
#(.## ##.......#
####)##### ##.....##
#.o@.....# ##...##
#..#.###.# # ##'##
#.......##.###.##.####
#.#####...............
.. ....##..##.###. .8
##8.##.##...##. . o.##
#.....#. .# ##......
##....#


You could see an orc priest and an orc (wandering).

Vanquished Creatures
  3 adders
  A shadow imp (D:3)
  A worm (D:2)
  5 orcs (D:3)
  5 ball pythons
  2 endoplasms (D:2)
  A giant cockroach (D:1)
  4 goblins
  2 hobgoblins
  4 jackals (D:1)
  2 quokkas
  3 bats
  2 frilled lizards
  6 kobolds
  5 rats
46 creatures vanquished.

Notes
Turn   | Place    | Note
-------+----------+-------------------------------------------
     0 | D:1      | jlumianski the Demonspawn Gladiator began the quest for the
                  | Orb.
     0 | D:1      | Reached XP level 1. HP: 16/16 MP: 1/1
     9 | D:1      | Noticed a bullfrog
   212 | D:1      | Reached skill level 3 in Axes
   313 | D:1      | Gained mutation: You sometimes gain a little power by
                  | taking damage. [demonic ancestry]
   313 | D:1      | Reached XP level 2. HP: 18/22 MP: 2/2
  1049 | D:2      | Gained mutation: You are partially covered in large bone
                  | plates. (SH +4) [demonic ancestry]
  1049 | D:2      | Reached XP level 3. HP: 28/28 MP: 3/3
  1197 | D:2      | Found Huskib's Magic Scroll Shop.
  1200 | D:2      | Bought a scroll of identify for 28 gold pieces
  1200 | D:2      | Bought a scroll of identify for 28 gold pieces
  2096 | D:3      | Reached XP level 4. HP: 34/34 MP: 4/4
  2627 | D:3      | Reached skill level 4 in Axes
  2638 | D:3      | Killed from afar by an orc priest

Illustrated notes

Levels and vault maps discovered:
D:1:      evilmike_arrival_come_back, layout_basic, minmay_misc_feat_nine_boxes
D:2:      layout_loops_cross, serial_shops, nicolae_shop_behind_doors
D:3:      layout_loops_corners, dreamdust_ecumenical_altar_angels_and_demons,
          chequers_serial_rivers_small_3, roderic_roman_lattice,
          grunt_decor_cap, minmay_rat_hole

Skill      XL: |  1  2  3  4 |
---------------+-------------+-----
Axes           | 3 4 |  4.0
Fighting       | |  2.7
Throwing       | |  1.7
Armour         | |  0.5
Dodging        | |  2.8
Shields        | |  0.5

Action                   |  1- 3 |  4- 6 || total
-------------------------+-------+-------++-------
Melee: War axe           |   101 |    35 ||   136
Throw: Dart              |       |     6 ||     6
  Use: Scroll            |     3 |       ||     3
Armor: Chain mail        |    75 |     9 ||    84
       Leather armour    |     5 |       ||     5
       Plate armour      |       |    13 ||    13
Dodge: Dodged            |    52 |    13 ||    65
Block: Other             |     6 |     7 ||    13

Table legend: (Time is in decaauts)
 A = Elapsed time spent in this place.
 B = Non-inter-level travel time spent in this place.
 C = Inter-level travel time spent in this place.
 D = Time resting spent in this place.
 E = Time spent auto-exploring this place.
 F = Levels seen in this place.
 G = Mean time per level.
                   A        B        C        D        E       F      G
               +--------+--------+--------+--------+--------+-----+--------+
         Total |   2684 |   2636 |     48 |    250 |   1675 |   3 |  894.7 |
       Dungeon |   2684 |   2636 |     48 |    250 |   1675 |   3 |  894.7 |
               +--------+--------+--------+--------+--------+-----+--------+

Top non-repeatable levels by time:
     D:3: 975 daAuts
     D:1: 937 daAuts
     D:2: 772 daAuts
